 Dungeon Crawl Stone Soup version 0.18.1-8-gdd0e5ea (webtiles) character file.

203 Hipnos the Digger (level 5, 0/28 HPs)
             Began as a Gargoyle Earth Elementalist on May 23, 2016.
             Slain by an iguana (5 damage)
             ... on level 4 of the Dungeon.
             The game lasted 00:12:54 (3742 turns).

Hipnos the Digger (Gargoyle Earth Elementalist)     Turns: 3742, Time: 00:12:55

Health: 0/28       AC:  7    Str: 12    XL:     5   Next: 81%
Magic:  8/9        EV: 12    Int: 16    God:
Gold:   90         SH:  0    Dex: 10    Spells: 3 memorised, 4 levels left

rFire  . . .     SeeInvis .     (no weapon)
rCold  . . .     Gourm    .     a - +0 robe
rNeg   + . .     Faith    .     (no shield)
rPois  ∞         Spirit   .     (no helmet)
rElec  +         Dismiss  .     n - +0 cloak
rCorr  .         Reflect  .     (no gloves)
SustAt .         Harm     .     (no boots)
MR     .....                    (no amulet)
Stlth  ++........               (no ring)
                                (no ring)

@: hasted, very quick, not resistant to hostile enchantments, unstealthy
A: negative energy resistance 1, electricity resistance, unbreathing,
petrification resistance, rot immunity, AC +4
a: no special abilities


You were on level 4 of the Dungeon.
You were not hungry.

You visited 1 branch of the dungeon, and saw 4 of its levels.

You collected 90 gold pieces.

Inventory:

Missiles
 p - 33 stones (quivered)
Armour
 a - a +0 robe (worn)
 n - a +0 cloak (worn)
 v - a +0 pair of gloves
Jewellery
 l - an uncursed amulet of regeneration {unknown}
Wands
 i - a wand of confusion (13/48)
 m - a wand of digging (11/24)
Scrolls
 f - 2 scrolls of identify {unknown}
 g - a scroll of immolation {unknown}
 k - a scroll of blinking {unknown}
 r - a scroll of enchant weapon {unknown}
 u - a scroll of random uselessness {unknown}
 w - a scroll of teleportation {unknown}
Potions
 b - 2 potions of haste
 e - a potion of heal wounds {unknown}
 h - a potion of cure mutation {unknown}
 q - a potion of flight {unknown}
 s - a potion of ambrosia {unknown}
 t - 2 potions of mutation {unknown}
Books
 c - a book of Geomancy

   Spells                             Type                      Level
   a - Sandblast                      Earth                        1
   b - Passwall                       Transmutation/Earth          2
   c - Stone Arrow                    Conjuration/Earth            3
   d - Petrify                        Transmutation/Earth          4
   e - Lee's Rapid Deconstruction     Earth                        5
Comestibles
 d - 3 bread rations
 j - a royal jelly
 o - 3 fruits


   Skills:
 + Level 0.4 Fighting
 + Level 2.2 Dodging
 - Level 2.1 Stealth
 + Level 3.2 Spellcasting
 + Level 0.7 Transmutations
 * Level 6.1 Earth Magic


You had 4 spell levels left.
You knew the following spells:

 Your Spells              Type           Power        Failure   Level  Hunger
a - Sandblast             Erth           ###...       1%          1    None
b - Passwall              Trmt/Erth      ##........   10%         2    ##.....
c - Stone Arrow           Conj/Erth      ##....       17%         3    ###....


Dungeon Overview and Level Annotations

Branches:
Dungeon (4/15)
 Temple: D:4-7

Altars:
Ashenzari
Nemelex Xobeh
Qazlal
Ru
Trog


Innate Abilities, Weirdness & Mutations

You are resistant to torment.
Your stone body is resilient (AC +4).
You are immune to poison.
You resist negative energy.
You are resistant to electric shocks.
You can survive without breathing.
You are immune to petrification.
You are immune to rotting.


Message History

Casting: Sandblast
Confirm with . or Enter, or press ? or * to list all spells.
Aiming: Sandblast
Press: ? - help, Shift-Dir - straight line, f/p - iguana
Aim: an iguana The blast of sand hits the iguana.
The iguana barely misses you.
There is an open door here.
You see here a pair of gloves.
v - a pair of gloves The giant frog barely misses you.
The iguana bites you!
* * * LOW HITPOINT WARNING * * *
Read which item? (? for menu, Esc to quit)
Okay, then.
Drink which item? (? for menu, Esc to quit)
You can't drink that!
Drink which item? (? for menu, Esc to quit)
It was a potion of haste.
You feel yourself speed up. The giant frog hits you.
* * * LOW HITPOINT WARNING * * *
The iguana bites you.
You die...

#.#.........### #####
#.#.##.....## #....
#.#.......## #....
#.#..##..## #....
#.#.....## #....
#.#.##### . #....
#.#.####....
#....###'#.........
#....@l....#########.#
####..F....'..........
#.......###...####
#.....######.######
#.....#...........#
#.....#.####F####.#
#.....# #.......#
##...## #.##.##F# #...
# #...#.#


You could see a giant frog and an iguana.

Vanquished Creatures
  A hound (D:4)
  A worker ant (D:4)
  7 adders
  An ooze (D:4)
  2 worms
  2 dart slugs
  2 giant geckos
  An orc (D:3)
  4 bats
  6 giant cockroaches
  9 goblins
  9 hobgoblins
  4 jackals (D:1)
  10 kobolds
  A quokka (D:3)
  A ball python (D:1)
  2 giant newts (D:2)
  4 rats
67 creatures vanquished.

Notes
Turn   | Place    | Note
--------------------------------------------------------------
     0 | D:1      | Hipnos the Gargoyle Earth Elementalist began the quest for the Orb.
     0 | D:1      | Reached XP level 1. HP: 10/10 MP: 3/3
   336 | D:1      | Reached skill level 4 in Earth Magic
   465 | D:1      | Reached XP level 2. HP: 15/15 MP: 0/5
   470 | D:1      | Learned a level 2 spell: Passwall
  1333 | D:1      | Reached XP level 3. HP: 18/19 MP: 1/6
  1595 | D:3      | Reached skill level 5 in Earth Magic
  1858 | D:3      | Learned a level 3 spell: Stone Arrow
  1918 | D:3      | Reached XP level 4. HP: 20/24 MP: 1/7
  2551 | D:2      | Found a sparkling altar of Nemelex Xobeh.
  2961 | D:2      | Found a stormy altar of Qazlal.
  2966 | D:2      | Found a bloodstained altar of Trog.
  3085 | D:2      | Reached XP level 5. HP: 25/28 MP: 3/9
  3626 | D:4      | Reached skill level 6 in Earth Magic
  3670 | D:4      | Found a shattered altar of Ashenzari.
  3716 | D:4      | Found a sacrificial altar of Ru.
  3742 | D:4      | Slain by an iguana

Skill      XL: |  1  2  3  4  5 |
---------------+----------------+-----
Earth Magic    | 4 5 6 |  6.1
Dodging        | 2 |  2.2
Spellcasting   | 3 |  3.2
Fighting       | |  0.4
Stealth        | |  2.1
Transmutations | |  0.7

Action                   |  1- 3 |  4- 6 || total
-------------------------+-------+-------++-------
Melee: Unarmed           |    33 |     2 ||    35
 Cast: Sandblast         |    67 |   106 ||   173
  Use: Potion            |       |     1 ||     1
 Stab: Sleeping          |       |     1 ||     1
  Eat: Chunk             |     4 |     6 ||    10
Armor: Robe              |    34 |    29 ||    63
Dodge: Dodged            |    65 |    44 ||   109
